 Dungeon Sprint DCSS version 0.17.0-26-gececa24 (webtiles) character file.

11163 Kidiri the Unseen (level 11, -13/52 HPs)
             Began as a Spriggan Enchanter on Nov 19, 2015.
             Was the Champion of Dithmenos.
             Killed from afar by an ice dragon (57 damage)
             ... with a blast of cold
             ... in the Dungeon (Sprint III: "The Ten Rune Challenge").
             The game lasted 00:13:09 (2034 turns).

Kidiri the Unseen (Spriggan Enchanter)              Turns: 2034, Time: 00:13:09

Health: -13/52     AC:  4    Str:  4    XL:     11   Next: 45%
Magic:  26/32      EV: 32    Int: 20    God:    Dithmenos [******]
Gold:   22         SH:  0    Dex: 19    Spells: 8 memorised, 2 levels left

rFire  + . .     SeeInvis +     a - +1 dagger
rCold  . . .     Clarity  .     b - +1 robe
rNeg   . . .     SustAt   .     (shield restricted)
rPois  .         Gourm    .     (helmet restricted)
rElec  .         Spirit   .     l - +0 cloak
rCorr  .         Warding  .     (gloves unavailable)
rMut   .         NoTele   +     (boots unavailable)
MR     +....                    (no amulet)
Stlth  ++++++++++               (no ring)
                                (no ring)

@: wreathed by umbra, very quick, somewhat resistant to hostile enchantments,
uncannily stealthy
A: unfitting armour, see invisible, agile 1, fire resistance 1, herbivore 3,
speed 3, frail 1, high mp 1, slow metabolism 2, wild magic 1
a: Shadow Step, Shadow Form, Renounce Religion


You were in the Dungeon.
You worshipped Dithmenos.
Dithmenos was exalted by your worship.
You were not hungry.

You visited 1 branch You collected 22 gold pieces.

Inventory:

Hand Weapons
 a - a +1 dagger (weapon)
Missiles
 c - 10 throwing nets (quivered)
Armour
 b - a +1 robe (worn)
 l - a +0 cloak (worn)
Scrolls
 j - a scroll of blinking
 k - a scroll of immolation {unknown}
 n - a scroll of holy word {unknown}
 o - a scroll of random uselessness {unknown}
 p - a scroll of amnesia {unknown}
 r - a scroll of torment {unknown}
 t - a scroll of recharging {unknown}
Potions
 e - 3 potions of curing
 f - a potion of heal wounds
 g - a potion of haste
 h - 2 potions of magic
 i - 2 potions of berserk rage
 u - 4 potions of might
 v - a potion of flight
Books
 m - a book of Annihilations

   Spells                             Type                      Level
   a - Poison Arrow                   Conjuration/Poison           6
   b - Chain Lightning                Conjuration/Air              8
   c - Lehudib's Crystal Spear        Conjuration/Earth            8
   d - Glaciate                       Conjuration/Ice              9
   e - Fire Storm                     Conjuration/Fire             9
Comestibles
 d - a bread ration
 q - 32 royal jellies
 s - 6 fruits


   Skills:
 + Level 6.4 Fighting
 * Level 11.8 Short Blades
 + Level 5.7 Armour
 * Level 15.1 Dodging
 * Level 16.4 Stealth
 * Level 13.2 Spellcasting
 + Level 5.8 Conjurations
 + Level 9.9 Hexes
 + Level 6.4 Ice Magic
 + Level 4.6 Air Magic
 + Level 2.0 Earth Magic
 + Level 6.4 Poison Magic
 - Level 2.0 Invocations


You had 2 spell levels left.
You knew the following spells:

 Your Spells              Type           Power        Failure   Level  Hunger
a - Corona                Hex            ######.      1%          1    None
b - Ensorcelled Hibernat  Hex/Ice        ######       2%          2    None
c - Confuse               Hex            ######..     1%          3    None
d - Tukima's Dance        Hex            ######..     1%          3    None
e - Dazzling Spray        Conj/Hex       ######..     3%          3    None
f - Poison Arrow          Conj/Pois      ######....   86%         6    #####..
g - Chain Lightning       Conj/Air       ######....   100%        8    #######
h - Lehudib's Crystal Sp  Conj/Erth      #####.....   100%        8    #######


Dungeon Overview and Level Annotations

Branches:
Dungeon (1/1)

Altars:
Cheibriados
Dithmenos
Elyvilon
Fedhas
Gozag
Kikubaaqudgha
Makhleb
Nemelex Xobeh
Okawaru
Qazlal
Ru
Sif Muna
Trog
Vehumet
Xom
Yredelemnul
Zin
The Shining One
Jiyva
Lugonu


Innate Abilities, Weirdness & Mutations

You are tiny and cannot use many weapons and most armour.
You have supernaturally acute eyesight.
You are a herbivore.
You cover ground extremely quickly.
You need consume almost no food.
You are agile. (Dex +2)
Your flesh is heat resistant.
You are frail (-10% HP).
You have an increased reservoir of magic (+10% MP).
Your spells are a little harder to cast, but a little more powerful.


Message History

The spray of energy hits the ice dragon.
The ice dragon is moderately wounded.
Your shadow mimicks your spell!
The shadow shard hits the ice dragon.
A swamp drake simulacrum comes into view.
An ice dragon comes into view.
The swamp drake simulacrum moves out of view.
You hit the ice dragon but do no damage.
The ice dragon is heavily wounded.
You strike the helpless ice dragon from behind!
You perforate the ice dragon like a sieve!!!
You kill the ice dragon!
Dithmenos accepts your kill.
Your Earth Magic skill increases to level 2!
You see here an ice dragon corpse.
You butcher the ice dragon corpse.
The ice dragon breathes frost at you. The blast of cold hits you!
Ouch! That really hurt!
You die...

♣.....##......#♣♣♣._)#
########'###### #####
#.♣♣ #♣.♣ ♣.♣♣ ♣♣.♣
♣.♣♣ ♣.♣♣ ♣.@♣ ♣♣.♣
♣♣. .♣ ≈D ≈.§ ..§§
♣♣♣♣


You could see an ice dragon.

Vanquished Creatures
  Maud (D)
  2 hydras (D)
  2 ice dragons (D)
  Erolcha (D)
  A spriggan druid (D)
  A death drake (D)
  A lindwurm (D)
  2 spiny frogs (D)
  A komodo dragon (D)
  A queen bee (D)
  3 wandering mushrooms (D)
  A deep elf priest (D)
  2 trapdoor spiders (D)
  4 redbacks (D)
  2 spriggans (D)
  A shadow (D)
  A spatial vortex (D)
  2 hill giants (D)
  A necrophage (D)
  3 two-headed ogres (D)
  2 brain worms (D)
  A water elemental (D)
  32 killer bees (D)
  An electric eel (D)
  A jelly (D)
  Jessica (D)
  A necromancer (D)
  A wolf (D)
  A wizard (D)
  3 humans (D)
  A kobold demonologist (D)
  An ooze (D)
  A rat (D)
80 creatures vanquished.

Vanquished Creatures (others)
  2 draconian scorchers (D)
  A yaktaur (D)
  5 plants (D)
8 creatures vanquished.

Grand Total: 88 creatures vanquished

Notes
Turn   | Place    | Note
--------------------------------------------------------------
     0 | D        | Kidiri the Spriggan Enchanter began the quest for the Orb.
     0 | D        | Reached XP level 1. HP: 9/9 MP: 5/5
    14 | D        | Reached skill level 5 in Stealth
    27 | D        | Noticed Jessica
    49 | D        | Killed Jessica
    49 | D        | Reached skill level 1 in Fighting
    49 | D        | Reached skill level 1 in Armour
    49 | D        | Reached skill level 6 in Stealth
    49 | D        | Reached XP level 2. HP: 7/14 MP: 5/8
    49 | D        | Reached XP level 3. HP: 9/18 MP: 5/9
    55 | D        | Learned a level 2 spell: Ensorcelled Hibernation
    59 | D        | Learned a level 3 spell: Confuse
    63 | D        | Learned a level 3 spell: Dazzling Spray
   186 | D        | Killed a white draconian scorcher
   211 | D        | Noticed a wolf
   214 | D        | Killed a wolf
   214 | D        | Reached skill level 5 in Dodging
   218 | D        | Reached XP level 4. HP: 22/22 MP: 9/11
   221 | D        | Killed a yaktaur
   223 | D        | Learned a level 3 spell: Tukima's Dance
   236 | D        | Gained mutation: You have an increased reservoir of magic (+10% MP). [potion of mutation]
   236 | D        | Gained mutation: Your flesh is heat resistant. [potion of mutation]
   236 | D        | Gained mutation: You are frail (-10% HP). [potion of mutation]
   237 | D        | Gained mutation: You are agile. (Dex +2) [potion of mutation]
   237 | D        | Gained mutation: Your spells are a little harder to cast, but a little more powerful. [potion of mutation]
   261 | D        | Noticed a water elemental
   263 | D        | Killed a water elemental
   263 | D        | Reached skill level 7 in Stealth
   263 | D        | Reached skill level 5 in Spellcasting
   263 | D        | Reached skill level 1 in Conjurations
   263 | D        | Reached skill level 1 in Ice Magic
   274 | D        | Noticed a jelly
   275 | D        | Noticed a shadow
   275 | D        | Killed a white draconian scorcher
   277 | D        | Killed a shadow
   277 | D        | Reached skill level 5 in Short Blades
   277 | D        | Reached skill level 9 in Stealth
   277 | D        | Reached skill level 5 in Hexes
   277 | D        | Reached XP level 5. HP: 24/24 MP: 14/16
   277 | D        | Reached XP level 6. HP: 28/28 MP: 15/18
   284 | D        | Killed a jelly
   313 | D        | Found a stormy altar of Qazlal.
   314 | D        | Found a sacrificial altar of Ru.
   314 | D        | Found a burning altar of Makhleb.
   314 | D        | Found a viscous altar of Jiyva.
   314 | D        | Found a shimmering altar of Xom.
   314 | D        | Found a shadowy altar of Dithmenos.
   314 | D        | Found a sparkling altar of Nemelex Xobeh.
   314 | D        | Found a corrupted altar of Lugonu.
   314 | D        | Found an opulent altar of Gozag.
   314 | D        | Noticed a spatial vortex
   318 | D        | Became a worshipper of Dithmenos the Shadowed
   334 | D        | Killed a spatial vortex
   334 | D        | Reached skill level 1 in Invocations
   510 | D        | Found a radiant altar of Vehumet.
   511 | D        | Found a deep blue altar of Sif Muna.
   511 | D        | Found an ancient bone altar of Kikubaaqudgha.
   511 | D        | Noticed a wizard
   512 | D        | Killed a wizard
   512 | D        | Reached skill level 10 in Stealth
   531 | D        | Learned a level 6 spell: Poison Arrow
   540 | D        | Found a glowing silver altar of Zin.
   541 | D        | Found a glowing golden altar of the Shining One.
   541 | D        | Found a white marble altar of Elyvilon.
   541 | D        | Noticed a deep elf priest
   543 | D        | Killed a deep elf priest
   543 | D        | Reached * piety under Dithmenos
   543 | D        | Reached skill level 1 in Poison Magic
   543 | D        | Reached XP level 7. HP: 32/32 MP: 21/21
   554 | D        | Found an iron altar of Okawaru.
   555 | D        | Found a bloodstained altar of Trog.
   555 | D        | Noticed a human
   555 | D        | Noticed a human
   557 | D        | Killed a human
   557 | D        | Reached skill level 11 in Stealth
   558 | D        | Killed a human
   558 | D        | Reached skill level 10 in Dodging
   575 | D        | Found a snail-covered altar of Cheibriados.
   575 | D        | Noticed a necrophage
   576 | D        | Found a basalt altar of Yredelemnul.
   576 | D        | Found a blossoming altar of Fedhas.
   576 | D        | Noticed a necromancer
   577 | D        | Killed a necrophage
   577 | D        | Reached ** piety under Dithmenos
   577 | D        | Reached XP level 8. HP: 37/37 MP: 21/23
   578 | D        | Killed a necromancer
   597 | D        | Noticed a two-headed ogre
   597 | D        | Noticed a two-headed ogre
   601 | D        | Killed a two-headed ogre
   603 | D        | Killed a two-headed ogre
   606 | D        | Noticed a two-headed ogre
   607 | D        | Killed a two-headed ogre
   607 | D        | Reached *** piety under Dithmenos
   612 | D        | Noticed a hill giant
   615 | D        | Killed a hill giant
   621 | D        | Noticed a hill giant
   621 | D        | Noticed Erolcha
   623 | D        | Killed Erolcha
   623 | D        | Reached skill level 12 in Stealth
   623 | D        | Reached XP level 9. HP: 41/41 MP: 24/26
   624 | D        | Killed a hill giant
   624 | D        | Reached **** piety under Dithmenos
   624 | D        | Reached skill level 10 in Spellcasting
   644 | D        | Learned a level 8 spell: Chain Lightning
   644 | D        | Noticed a redback
   646 | D        | Killed a redback
   656 | D        | Noticed a trapdoor spider
   657 | D        | Killed a trapdoor spider
   657 | D        | Reached skill level 13 in Stealth
   657 | D        | Reached skill level 1 in Air Magic
   696 | D        | Noticed a trapdoor spider
   698 | D        | Killed a trapdoor spider
   759 | D        | Noticed a killer bee
   759 | D        | Noticed a killer bee
   759 | D        | Noticed a killer bee
   760 | D        | Noticed a killer bee
   760 | D        | Noticed a killer bee
   760 | D        | Noticed a killer bee
   760 | D        | Noticed a killer bee
   760 | D        | Noticed a killer bee
   760 | D        | Noticed a killer bee
   760 | D        | Noticed a killer bee
   760 | D        | Noticed a killer bee
   760 | D        | Noticed a killer bee
   760 | D        | Noticed a killer bee
   760 | D        | Noticed a killer bee
   760 | D        | Noticed a killer bee
   760 | D        | Noticed a killer bee
   760 | D        | Noticed a killer bee
   760 | D        | Noticed a killer bee
   760 | D        | Noticed a killer bee
   760 | D        | Noticed a killer bee
   760 | D        | Noticed a killer bee
   760 | D        | Noticed a killer bee
   760 | D        | Noticed a killer bee
   760 | D        | Noticed a killer bee
   760 | D        | Noticed a killer bee
   760 | D        | Noticed a killer bee
   760 | D        | Noticed a killer bee
   760 | D        | Noticed a killer bee
   760 | D        | Noticed a queen bee
   760 | D        | Noticed a killer bee
   760 | D        | Noticed a killer bee
   760 | D        | Noticed a killer bee
   760 | D        | Noticed a killer bee
   766 | D        | Killed a killer bee
   768 | D        | Killed a killer bee
   781 | D        | Killed a killer bee
   786 | D        | Killed a killer bee
   786 | D        | Reached ***** piety under Dithmenos
   788 | D        | Killed a killer bee
   791 | D        | Killed a killer bee
   793 | D        | Killed a killer bee
   816 | D        | Killed a killer bee
   820 | D        | Killed a killer bee
   823 | D        | Killed a killer bee
   959 | D        | Killed a killer bee
   959 | D        | Reached skill level 5 in Fighting
   962 | D        | Killed a killer bee
   964 | D        | Killed a killer bee
   966 | D        | Killed a killer bee
   971 | D        | Killed a killer bee
   973 | D        | Killed a killer bee
   985 | D        | Killed a killer bee
   987 | D        | Killed a killer bee
   989 | D        | Killed a killer bee
   989 | D        | Reached ****** piety under Dithmenos
   992 | D        | Killed a killer bee
   994 | D        | Killed a killer bee
  1105 | D        | Killed a killer bee
  1109 | D        | Killed a killer bee
  1109 | D        | Reached skill level 14 in Stealth
  1111 | D        | Killed a killer bee
  1113 | D        | Killed a killer bee
  1121 | D        | Killed a killer bee
  1123 | D        | Killed a killer bee
  1125 | D        | Killed a killer bee
  1125 | D        | Reached skill level 10 in Short Blades
  1125 | D        | Reached XP level 10. HP: 35/45 MP: 3/28
  1128 | D        | Killed a killer bee
  1153 | D        | Killed a killer bee
  1326 | D        | Killed a queen bee
  1326 | D        | Reached skill level 5 in Ice Magic
  1331 | D        | Killed a killer bee
  1334 | D        | Killed a killer bee
  1475 | D        | Noticed a wandering mushroom
  1476 | D        | Noticed a wandering mushroom
  1476 | D        | Noticed a wandering mushroom
  1477 | D        | Killed a wandering mushroom
  1479 | D        | Killed a wandering mushroom
  1480 | D        | Killed a wandering mushroom
  1525 | D        | Noticed a spiny frog
  1525 | D        | Noticed a komodo dragon
  1525 | D        | Noticed a spiny frog
  1528 | D        | Killed a spiny frog
  1528 | D        | Reached skill level 5 in Poison Magic
  1530 | D        | Killed a spiny frog
  1531 | D        | Killed a komodo dragon
  1531 | D        | Reached skill level 5 in Armour
  1531 | D        | Reached skill level 5 in Conjurations
  1636 | D        | Noticed a redback
  1638 | D        | Killed a redback
  1639 | D        | Noticed a brain worm
  1642 | D        | Killed a brain worm
  1648 | D        | Noticed a brain worm
  1650 | D        | Killed a brain worm
  1653 | D        | Noticed a lindwurm
  1655 | D        | Noticed a redback
  1656 | D        | Killed a lindwurm
  1656 | D        | Reached skill level 15 in Stealth
  1659 | D        | Killed a redback
  1663 | D        | Noticed a redback
  1664 | D        | Killed a redback
  1665 | D        | Noticed Maud
  1668 | D        | Killed Maud
  1668 | D        | Reached XP level 11. HP: 50/50 MP: 29/31
  1680 | D        | Learned a level 8 spell: Lehudib's Crystal Spear
  1681 | D        | Noticed an electric eel
  1682 | D        | Noticed a seven-headed hydra
  1682 | D        | Noticed a seven-headed hydra
  1683 | D        | Killed an electric eel
  1691 | D        | Killed a seven-headed hydra
  1706 | D        | Killed a seven-headed hydra
  1706 | D        | Reached skill level 1 in Earth Magic
  1781 | D        | Noticed a death drake
  1785 | D        | Killed a death drake
  1785 | D        | Reached skill level 16 in Stealth
  1965 | D        | Found a blossoming altar of Fedhas.
  1965 | D        | Noticed a spriggan
  1965 | D        | Noticed a spriggan druid
  1965 | D        | Noticed a spriggan
  1967 | D        | Killed a spriggan druid
  1968 | D        | Killed a spriggan
  1969 | D        | Killed a spriggan
  1993 | D        | Noticed an ice dragon
  2000 | D        | Killed an ice dragon
  2000 | D        | Reached skill level 15 in Dodging
  2027 | D        | Noticed an ice dragon
  2030 | D        | Noticed an ice dragon
  2032 | D        | Killed an ice dragon
  2034 | D        | Killed from afar by an ice dragon

Action                   |  1- 3 |  4- 6 |  7- 9 | 10-12 || total
-------------------------+-------+-------+-------+-------++-------
Melee: Dagger            |    20 |    14 |    73 |    49 ||   156
 Cast: Corona            |     1 |       |       |       ||     1
       Dazzling Spray    |       |     5 |     6 |     4 ||    15
       Ensorcelled Hiber |       |     1 |    29 |    13 ||    43
       Confuse           |       |       |     5 |       ||     5
Invok: Shadow Step       |       |       |     1 |     7 ||     8
  Use: Potion            |       |     3 |       |     2 ||     5
       Scroll            |       |     2 |       |       ||     2
 Stab: Sleeping          |     3 |     6 |    32 |    24 ||    65
       Invisible         |       |       |     3 |     3 ||     6
       Confused          |       |       |     3 |       ||     3
